 Dungeon Sprint DCSS version 0.21-a0-531-gacddea6 (webtiles) character file.

534 Kingsmith the Blocker (level 7, -9/63 HPs)
             Began as a Gnoll Fighter on Dec 12, 2017.
             Was a Believer of the Shining One.
             Mangled by a ten-headed hydra (10 damage)
             ... in the Dungeon (Sprint IX: "|||||||||||||||||||||||||||||").
             The game lasted 00:01:49 (456 turns).

Kingsmith the Blocker (Gnoll Fighter)                Turns: 456, Time: 00:01:50

Health: -9/63      AC: 14    Str: 20    XL:     7   Next: 25%
Magic:  11/14      EV: 12    Int: 10    God:    the Shining One [**....]
Gold:   0          SH: 20    Dex: 15    Spells: 16/16 levels left

rFire    . . .     SeeInvis .   p - +2 scimitar (holy)
rCold    . . .     Gourm    .   c - +0 shield
rNeg     + . .     Faith    .   b - +1 scale mail
rPois    .         Spirit   .   a - +0 helmet
rElec    .         Reflect  .   (no cloak)
rCorr    .         Harm     .   (no gloves)
MR       .....     NoTele   +   (no boots)
Stlth    +.........             (no amulet)
HPRegen  0.20/turn              l - +2 ring of protection
MPRegen  0.14/turn              q - +2 ring of protection

@: divine shield, glowing
A: distributed training, fangs 1, strong nose
a: Divine Shield, Renounce Religion


You were in the Dungeon.
You worshipped the Shining One.
The Shining One was pleased with you.
You were not hungry.

You visited 1 branch

Inventory:

Hand Weapons
 p - a +2 scimitar of holy wrath (weapon)
Armour
 a - a +0 helmet (worn)
 b - a +1 scale mail (worn)
 c - a +0 shield (worn)
Jewellery
 l - a +2 ring of protection (left hand)
 q - a +2 ring of protection (right hand)
Wands
 o - a wand of iceblast (9)
Scrolls
 k - 2 scrolls of blinking
 m - 3 scrolls of remove curse
 n - 2 scrolls of amnesia
Potions
 d - a potion of might
 e - 5 potions of curing
 g - 2 potions of heal wounds
 h - a potion of haste
 i - 4 potions of magic
Comestibles
 f - a bread ration
 j - 8 chunks of flesh


   Skills:
 + Level 8.5 Fighting
 + Level 5.2 Short Blades
 + Level 7.0 Long Blades
 + Level 5.2 Axes
 + Level 5.2 Maces & Flails
 + Level 5.2 Polearms
 + Level 5.2 Staves
 + Level 5.2 Slings
 + Level 5.2 Bows
 + Level 5.2 Crossbows
 + Level 5.2 Throwing
 + Level 8.5 Armour
 + Level 5.2 Dodging
 + Level 5.2 Stealth
 + Level 8.5 Shields
 + Level 5.2 Unarmed Combat
 + Level 5.2 Spellcasting
 + Level 4.3 Conjurations
 + Level 4.3 Hexes
 + Level 4.3 Charms
 + Level 4.3 Summonings
 + Level 4.3 Necromancy
 + Level 4.3 Translocations
 + Level 4.3 Transmutations
 + Level 4.3 Fire Magic
 + Level 4.3 Ice Magic
 + Level 4.3 Air Magic
 + Level 4.3 Earth Magic
 + Level 4.3 Poison Magic
 + Level 5.7 Invocations
 + Level 5.2 Evocations


You had 16 spell levels left.
You didn't know any spells.

Dungeon Overview and Level Annotations

Branches:
Dungeon (1/1)

Altars:
Cheibriados
Dithmenos
Elyvilon
Fedhas
Gozag
Hepliaklqana
Kikubaaqudgha
Makhleb
Nemelex Xobeh
Okawaru
Qazlal
Ru
Sif Muna
Trog
Uskayaw
Vehumet
Wu Jian
Xom
Yredelemnul
Zin
The Shining One
Beogh
Jiyva
Lugonu


Innate Abilities, Weirdness & Mutations

Your experience applies equally to all skills.
You have very sharp teeth.
Your uncanny sense of smell can sniff out nearby items.


Message History

Okay, then.
That item cannot be evoked!
Evoke which item? (* to show all) (? for menu, Esc to quit)
Aiming: Iceblast
Press: ? - help, Shift-Dir - straight line, f/p - ten-headed hydra
Aim: a ten-headed hydra (lightly wounded, haloed) That beam is likely to hit you.
Continue anyway?
The mass of ice explodes!
The iceblast engulfs the ten-headed hydra.
The ten-headed hydra is moderately wounded.
The iceblast engulfs you!
* * * LOW HITPOINT WARNING * * *
The iceblast engulfs the bullfrog.
You kill the bullfrog!
Your Long Blades skill increases to level 7!
You block the ten-headed hydra's attack. x2
The ten-headed hydra closely misses you.
The ten-headed hydra bites you but does no damage. x2
The ten-headed hydra bites you!
You die...

∆∆∆∆ ∆ ∆∆∆∆
▓▓▓▓▓▓▓▓▓▓▓▓▓▓▓▓▓▓▓▓▓▓▓▓
'!.|[[...)')....@DTF.{H.
▓▓▓▓▓▓▓▓▓▓▓▓▓▓▓▓▓▓▓▓▓▓▓▓


You could see a ten-headed hydra, a manticore, a troll and a bullfrog.

Vanquished Creatures
  A troll (D)
  An ice beast (D)
  A centaur (D)
  A bullfrog (D)
  A crimson imp (D)
  An orc wizard (D)
  2 adders (D)
  2 orcs (D)
  A bat (D)
  A bat zombie (D)
  A goblin (D)
  A kobold (D)
  3 frilled lizards (D)
17 creatures vanquished.

Notes
Turn   | Place    | Note
-------+----------+-------------------------------------------
     0 | D        | Kingsmith the Gnoll Fighter began the quest for the Orb.
     0 | D        | Reached XP level 1. HP: 23/23 MP: 1/1
    10 | D        | Reached skill level 1 in Invocations
    24 | D        | Noticed a centaur
    24 | D        | Noticed a crimson imp
    29 | D        | Reached skill level 1 in Short Blades
    29 | D        | Reached skill level 1 in Axes
    29 | D        | Reached skill level 1 in Maces & Flails
    29 | D        | Reached skill level 1 in Polearms
    29 | D        | Reached skill level 1 in Staves
    29 | D        | Reached skill level 1 in Slings
    29 | D        | Reached skill level 1 in Bows
    29 | D        | Reached skill level 1 in Crossbows
    29 | D        | Reached skill level 1 in Throwing
    29 | D        | Reached skill level 1 in Dodging
    29 | D        | Reached skill level 1 in Stealth
    29 | D        | Reached skill level 1 in Unarmed Combat
    29 | D        | Reached skill level 1 in Spellcasting
    29 | D        | Reached skill level 1 in Evocations
    29 | D        | Reached XP level 2. HP: 29/29 MP: 3/3
    38 | D        | Killed a centaur
    38 | D        | Reached skill level 5 in Long Blades
    38 | D        | Reached XP level 3. HP: 17/36 MP: 4/7
    38 | D        | Reached XP level 4. HP: 21/43 MP: 4/8
    55 | D        | Reached XP level 5. HP: 20/48 MP: 6/9
   234 | D        | Found a roughly hewn altar of Beogh.
   234 | D        | Found a snail-covered altar of Cheibriados.
   234 | D        | Found a shadowy altar of Dithmenos.
   234 | D        | Found a white marble altar of Elyvilon.
   234 | D        | Found a blossoming altar of Fedhas.
   234 | D        | Found an opulent altar of Gozag.
   235 | D        | Found a hazy altar of Hepliaklqana.
   236 | D        | Found a viscous altar of Jiyva.
   237 | D        | Found an ancient bone altar of Kikubaaqudgha.
   238 | D        | Found a corrupted altar of Lugonu.
   239 | D        | Found a burning altar of Makhleb.
   240 | D        | Found a sparkling altar of Nemelex Xobeh.
   241 | D        | Found an iron altar of Okawaru.
   242 | D        | Found a stormy altar of Qazlal.
   243 | D        | Found a sacrificial altar of Ru.
   244 | D        | Found a deep blue altar of Sif Muna.
   245 | D        | Found a bloodstained altar of Trog.
   246 | D        | Found a hide-covered altar of Uskayaw.
   247 | D        | Found a radiant altar of Vehumet.
   248 | D        | Found an ornate altar of the Wu Jian Council.
   249 | D        | Found a shimmering altar of Xom.
   250 | D        | Found a basalt altar of Yredelemnul.
   251 | D        | Found a glowing silver altar of Zin.
   252 | D        | Found a glowing golden altar of the Shining One.
   260 | D        | Became a worshipper of the Shining One
   300 | D        | Noticed an ice beast
   300 | D        | Noticed a troll
   300 | D        | Reached * piety under the Shining One
   305 | D        | Killed an ice beast
   305 | D        | Reached XP level 6. HP: 56/56 MP: 9/12
   314 | D        | Killed a troll
   314 | D        | Reached skill level 5 in Invocations
   315 | D        | Reached skill level 5 in Short Blades
   315 | D        | Reached skill level 5 in Axes
   315 | D        | Reached skill level 5 in Maces & Flails
   315 | D        | Reached skill level 5 in Polearms
   315 | D        | Reached skill level 5 in Staves
   315 | D        | Reached skill level 5 in Slings
   315 | D        | Reached skill level 5 in Bows
   315 | D        | Reached skill level 5 in Crossbows
   315 | D        | Reached skill level 5 in Throwing
   315 | D        | Reached skill level 5 in Dodging
   315 | D        | Reached skill level 5 in Stealth
   315 | D        | Reached skill level 5 in Unarmed Combat
   315 | D        | Reached skill level 5 in Spellcasting
   315 | D        | Reached skill level 5 in Evocations
   315 | D        | Reached XP level 7. HP: 51/63 MP: 10/14
   447 | D        | Noticed a troll
   447 | D        | Noticed a seven-headed hydra
   447 | D        | Noticed a manticore
   447 | D        | Reached ** piety under the Shining One
   456 | D        | HP: 1/63 [shot self (5)]
   456 | D        | Mangled by a ten-headed hydra

Vault maps used:
D:        linesprint

Skill      XL: |  1  2  3  4  5  6  7 |
---------------+----------------------+-----
Invocations    | 1 3 4 5 |  5.7
Short Blades   | 1 2 3 4 5 |  5.2
Axes           | 1 2 3 4 5 |  5.2
Maces & Flails | 1 2 3 4 5 |  5.2
Polearms       | 1 2 3 4 5 |  5.2
Staves         | 1 2 3 4 5 |  5.2
Slings         | 1 2 3 4 5 |  5.2
Bows           | 1 2 3 4 5 |  5.2
Crossbows      | 1 2 3 4 5 |  5.2
Throwing       | 1 2 3 4 5 |  5.2
Dodging        | 1 2 3 4 5 |  5.2
Stealth        | 1 2 3 4 5 |  5.2
Unarmed Combat | 1 2 3 4 5 |  5.2
Spellcasting   | 1 2 3 4 5 |  5.2
Evocations     | 1 2 3 4 5 |  5.2
Fighting       | 7 8 |  8.5
Long Blades    | 5 6 7 |  7.0
Armour         | 7 8 |  8.5
Shields        | 7 8 |  8.5
Conjurations   | 2 3 4 |  4.3
Hexes          | 2 3 4 |  4.3
Charms         | 2 3 4 |  4.3
Summonings     | 2 3 4 |  4.3
Necromancy     | 2 3 4 |  4.3
Translocations | 2 3 4 |  4.3
Transmutations | 2 3 4 |  4.3
Fire Magic     | 2 3 4 |  4.3
Ice Magic      | 2 3 4 |  4.3
Air Magic      | 2 3 4 |  4.3
Earth Magic    | 2 3 4 |  4.3
Poison Magic   | 2 3 4 |  4.3

Action                   |  1- 3 |  4- 6 |  7- 9 || total
-------------------------+-------+-------+-------++-------
Melee: Long sword        |    21 |     9 |       ||    30
       Bite              |     4 |     3 |     3 ||    10
       Scimitar          |       |    12 |    11 ||    23
Invok: Divine Shield     |       |       |     1 ||     1
Evoke: Wand              |       |       |     1 ||     1
  Use: Potion            |       |     2 |       ||     2
Armor: Scale mail        |     9 |    12 |    13 ||    34
Dodge: Dodged            |     5 |    12 |     8 ||    25
Block: Shield            |    19 |    13 |    18 ||    50
       Rpst.: Long sword |     2 |     1 |       ||     3
       Scimitar          |       |       |     1 ||     1

Table legend:
 A = Spawn XP
 B = Non-spawn XP
 C = Spawn XP percentage of total XP
 D = Spawn monster count
 E = Non-spawn monster count
 F = Spawn count percentage of total count
 G = Total turns spent on level
                    A         B        C        D         E        F      G
               +---------+---------+-------+---------+---------+-------+---------
         Total |       0 |     764 |   0.0 |       0 |      17 |   0.0 |   456
               +---------+---------+-------+---------+---------+-------+---------
             D |       0 |     764 |   0.0 |       0 |      17 |   0.0 |   456
               +---------+---------+-------+---------+---------+-------+---------
